 Dungeon Crawl Stone Soup version 0.31-a0-187-gba352fbbf7 (webtiles) character file.

Game seed: 14448444824241461174

154 qw the Skirmisher (level 5, -6/29 HPs)
             Began as a Deep Elf Hunter on June 22, 2023.
             Mangled by a black bear (10 damage)
             ... on level 4 of the Dungeon.
             The game lasted 00:00:50 (2223 turns).

qw the Skirmisher (Deep Elf Hunter)                 Turns: 2223, Time: 00:00:50

Health: -6/29      AC:  6    Str: 10    XL:     5   Next: 13%
Magic:  7/7        EV: 16    Int: 14    God:
Gold:   163        SH:  0    Dex: 18    Spells: 4/4 levels left

rFire   + . .        Y - +0 shortbow
rCold   + . .        (shield currently unavailable)
rNeg    . . .        h - +1 ring mail
rPois   .            (no helmet)
rElec   .            (no cloak)
rCorr   .            (no gloves)
SInv    .            (no boots)
Will    .....        c - amulet of Lunek {Faith rF+ Will- Slay+3}
Stlth   +            d - +5 ring of evasion
HPRegen 0.24/turn    i - ring of protection from cold
MPRegen 0.10/turn

%: faith
@: about to teleport
A: no striking features
a: no special abilities


You were on level 4 of the Dungeon.
You visited 1 branch of the dungeon, and saw 4 of its levels.

You collected 163 gold pieces.


   Skills:
 - Level 1.5 Fighting
 + Level 8.5 Ranged Weapons
 - Level 2.4 Dodging
 - Level 1.2 Stealth


You had 4 spell levels left.
You didn't know any spells.
Your spell library was empty.

Inventory:

Hand Weapons
 Y - a +0 shortbow (weapon)
Armour
 h - a +1 ring mail (worn)
Jewellery
 c - the amulet of Lunek (around neck) {Faith rF+ Will- Slay+3}
   (You acquired it on level 2 of the Dungeon)

   [amulet of faith]

   It allows you to gain divine favour quickly.
   Slay:      It affects your accuracy & damage with ranged weapons and melee
   (+3).
   rF:        It protects you from fire.
   Will:      It decreases your willpower.
 d - a +5 ring of evasion (left hand)
 i - a ring of protection from cold (right hand)
 n - a ring of willpower
Scrolls
 a - 3 scrolls of teleportation
 l - a scroll of identify
Potions
 b - a potion of enlightenment {unknown}
 e - a potion of curing
 j - a potion of mutation {unknown}
 k - a potion of lignification {unknown}
 m - a potion of might {unknown}

Dungeon Overview and Level Annotations

Branches:
Dungeon (4/15)
 Temple: D:4-7

Altars:
Ashenzari


Message History

The black bear is heavily wounded.
The black bear closely misses you. x2; The black bear misses you.
The black bear bites you.
The black bear claws you but does no damage. x2
You shoot an arrow. The arrow hits the black bear.
The black bear is severely wounded.
The black bear bites you. The black bear barely misses you.
The black bear completely misses you. The black bear barely misses you.
The black bear claws you but does no damage.
The black bear barely misses you.
You shoot an arrow. The arrow barely misses the black bear.
The black bear barely misses you. x3; The black bear bites you.
The black bear barely misses you. x2
You shoot an arrow. The arrow barely misses the black bear.
The black bear closely misses you. The black bear misses you. x2
The black bear bites you. The black bear claws you.
The black bear closely misses you.
You shoot an arrow. The arrow hits the black bear!
The black bear is almost dead.
The black bear misses you. The black bear barely misses you.
The black bear closely misses you. x2; The black bear barely misses you.
The black bear closely misses you.
You shoot an arrow. The arrow barely misses the black bear.
The black bear goes berserk!
The black bear misses you. The black bear claws you. The black bear misses you.
The black bear completely misses you. The black bear claws you.
The black bear misses you. The black bear bites you.
The black bear barely misses you.
The black bear claws you but does no damage.
2222 ||| READING 4 scrolls of teleportation.
As you read the scroll of teleportation, it crumbles to dust.
You feel strangely unstable.
The black bear bites you but does no damage.
The black bear barely misses you. x2
The black bear bites you but does no damage.
The black bear closely misses you. x2
You shoot an arrow. The arrow hits the black bear.
The black bear is almost dead.
The black bear bites you!
You die...

~.. #.#.######. ....
#####.#........ .....
#..)).)........
.....###.##'.#........
#.......#............
###.....#...#.......#
#....#.##...####....#
#..#...}.##+##.}#....#
......#..@h.....#.....
...###.#..h....#. ##..
... ...#.......# >.
#...+..._...+
#...#.......#
..###......... ..$
.........# }.##+##.}#


You could see 2 black bears.

Vanquished Creatures
  An orc wizard (D:4)
  6 adders
  A worm (D:3)
  2 dart slugs (D:3)
  4 orcs (D:4)
  5 ball pythons
  2 endoplasms (D:1)
  2 giant cockroaches (D:1)
  13 goblins
  4 hobgoblins
  A quokka (D:1)
  8 bats
  7 frilled lizards
  6 kobolds
  5 rats
67 creatures vanquished.

Notes
Turn   | Place    | Note
-------+----------+-------------------------------------------
     0 | D:1      | qw the Deep Elf Hunter began the quest for the Orb.
     0 | D:1      | Reached XP level 1. HP: 12/12 MP: 3/3
     0 | D:1      | 0 ||| qw: Version: 0.3-a-9-g12657ce
     0 | D:1      | 0 ||| qw: Game counter: 2084
     0 | D:1      | 0 ||| qw: Always use a shield: true
     0 | D:1      | 0 ||| qw: God list: Okawaru
     0 | D:1      | 0 ||| qw: Allow faded altars: false
     0 | D:1      | 0 ||| qw: Do Orc after D:15 true
     0 | D:1      | 0 ||| qw: Do second Lair branch before Depths: true
     0 | D:1      | 0 ||| qw: Lair rune preference: random
     0 | D:1      | 0 ||| qw: Plans: Normal
     0 | D:1      | 0 ||| PLANNING D:1-11
   129 | D:1      | Reached skill level 6 in Ranged Weapons
   129 | D:1      | Reached XP level 2. HP: 16/16 MP: 4/4
   514 | D:1      | 514 ||| DROPPING scarf of shadows.
   515 | D:1      | 515 ||| READING 3 scrolls labelled ZIASOCKUMPU.
   520 | D:1      | 520 ||| READING 2 scrolls labelled FUMPEPT TODEI.
   521 | D:1      | 521 ||| DROPPING scroll of butterflies.
   549 | D:2      | Reached XP level 3. HP: 20/20 MP: 5/5
   678 | D:2      | Reached skill level 7 in Ranged Weapons
   911 | D:2      | Reached XP level 4. HP: 25/25 MP: 6/6
  1075 | D:2      | 1075 ||| UPGRADING to +0 ring mail.
  1085 | D:2      | 1085 ||| DROPPING +0 leather armour.
  1086 | D:2      | 1086 ||| READING scroll of enchant armour.
  1086 | D:2      | 1086 ||| ENCHANTING +0 ring mail.
  1087 | D:2      | 1087 ||| UPGRADING to +5 ring of evasion.
  1088 | D:2      | 1088 ||| READING scroll labelled LASHAA BIDGHYME.
  1089 | D:2      | 1089 ||| READING scroll labelled SESOHO LOTUSCH.
  1090 | D:2      | 1090 ||| READING scroll labelled HISULL EQ TIUM.
  1090 | D:2      | Identified a scroll of acquirement
  1090 | D:2      | 1090 ||| ACQUIRING amulet of Lunek {Faith rF+ Will- Slay+3}
  1090 | D:2      | Acquired the amulet of Lunek {Faith rF+ Will- Slay+3}
  1092 | D:2      | 1092 ||| UPGRADING to amulet of Lunek {Faith rF+ Will-
                  | Slay+3}.
  1097 | D:2      | 1097 ||| DRINKING 2 fuming green potions.
  1409 | D:3      | Reached skill level 8 in Ranged Weapons
  2119 | D:3      | 2119 ||| DROPPING amulet of guardian spirit.
  2120 | D:3      | 2120 ||| UPGRADING to ring of protection from cold.
  2121 | D:3      | 2121 ||| READING scroll labelled SERIRIY VUOS.
  2122 | D:3      | 2122 ||| READING scroll labelled BIOHIG ARHITSEPN.
  2173 | D:4      | Reached XP level 5. HP: 24/29 MP: 7/7
  2202 | D:4      | Found a broken altar of Ashenzari.
  2205 | D:4      | Noticed a black bear
  2206 | D:4      | Noticed a black bear
  2221 | D:4      | HP: 7/29 [black bear (6)]
  2221 | D:4      | HP: 3/29 [black bear (4)]
  2222 | D:4      | 2222 ||| READING 4 scrolls of teleportation.
  2223 | D:4      | Mangled by a black bear

Levels and vault maps discovered:
D:1:      minmay_arrival_open_corners, layout_basic
D:2:      layout_loops_ring
D:3:      layout_basic
D:4:      layout_basic, grunt_temple_overflow_magic_moments, lemuel_tele_altar,
          worldfamousw_hep_ancestral_shrine, evilmike_ruin_ashenzari,
          grunt_temple_overflow_open, minmay_temple_entry_fiery

Skill      XL: |  1  2  3  4 |
---------------+-------------+-----
Ranged Weapons | 6 7 8 |  8.5
Fighting       | |  1.5
Dodging        | |  2.4
Stealth        | |  1.2

Action                     |  1- 3 |  4- 6 || total
---------------------------+-------+-------++-------
   Fire: Shortbow          |    92 |    82 ||   174
    Use: Scroll            |     2 |     7 ||     9
         Potion            |       |     1 ||     1
 Armour: Leather armour    |     5 |       ||     5
         Ring mail         |       |    24 ||    24
  Dodge: Dodged            |    14 |    54 ||    68

Table legend:
 A = Non-vault XP
 B = Vault XP
 C = Vault XP percentage of total XP
 D = Non-vault monster count
 E = Vault monster count
 F = Vault count percentage of total count
                 A         B        C        D         E       F
            +---------+---------+-------+---------+---------+-------
      Total |     221 |       0 |   0.0 |      67 |       0 |   0.0
            +---------+---------+-------+---------+---------+-------
        D:1 |      40 |       0 |   0.0 |      26 |       0 |   0.0
        D:2 |      59 |       0 |   0.0 |      15 |       0 |   0.0
        D:3 |      72 |       0 |   0.0 |      20 |       0 |   0.0
        D:4 |      50 |       0 |   0.0 |       6 |       0 |   0.0
            +---------+---------+-------+---------+---------+-------
